 Dungeon Crawl Stone Soup version 0.25.1-2-g60ff931df9 (webtiles) character file.

Game seed: 8314678923025004323

263 demenzo the Chucker (level 6, -1/63 HPs)
             Began as an Ogre Hunter on Oct 14, 2020.
             Slain by a worker ant (2 damage)
             ... on level 3 of the Dungeon.
             The game lasted 00:11:03 (3909 turns).

demenzo the Chucker (Ogre Hunter)                   Turns: 3909, Time: 00:11:04

Health: -1/63      AC:  3    Str: 19    XL:     6   Next: 19%
Magic:  6/6        EV: 10    Int: 12    God:
Gold:   180        SH:  0    Dex:  9    Spells: 5/5 levels left

rFire    . . .     SeeInvis .   i - +1 mace
rCold    . . .     Gourm    .   (no shield)
rNeg     . . .     Faith    .   b - +0 robe
rPois    .         Spirit   .   (helmet restricted)
rElec    .         Reflect  .   (no cloak)
rCorr    .         Harm     .   (gloves unavailable)
MR       .....     Rnd*Tele +   (boots unavailable)
Stlth    ++........             n - amulet of regeneration
HPRegen  0.60/turn              m - ring of teleportation (curse)
MPRegen  0.10/turn              l - ring of stealth

@: lethally poisoned (-1 -> -2), hasted, very quick
A: large, unfitting armour, tough skin 1
a: no special abilities


You were on level 3 of the Dungeon.
You were not hungry.

You visited 1 branch of the dungeon, and saw 4 of its levels.

You collected 180 gold pieces.

Inventory:

Hand Weapons
 a - a +0 short sword
 e - a +0 club
 i - a +1 mace (weapon)
Missiles
 j - 147 stones
 o - 7 boomerangs (quivered)
Armour
 b - a +0 robe (worn)
 r - a +0 cloak
Jewellery
 k - an uncursed ring of see invisible
 l - a ring of stealth (right hand)
 m - a cursed ring of teleportation (left hand)
 n - an amulet of regeneration (around neck)
 q - an uncursed amulet of the acrobat {unknown}
Scrolls
 s - a scroll of enchant weapon
 t - a scroll of teleportation
Potions
 g - a potion of magic
 u - a potion of degeneration {unknown}
 v - a potion of mutation {unknown}
Comestibles
 c - a chunk of flesh
 f - 6 rations


   Skills:
 + Level 4.3 Fighting
 * Level 3.2 Maces & Flails
 * Level 5.5 Throwing
 - Level 1.7 Dodging
 - Level 0.6 Stealth


You had 5 spell levels left.
You didn't know any spells.
Your spell library was empty.

Dungeon Overview and Level Annotations

Branches:
Dungeon (4/15)
 Temple: D:4-7

Altars:
Ashenzari
Elyvilon
Qazlal
Uskayaw
Xom

Shops:
D:4 (

Annotations:
D:4 Ijyb


Innate Abilities, Weirdness & Mutations

You are too large for most types of armour.
You have tough skin. (AC +1)


Message History

You feel sick. The worker ant bites you.
* * * LOW HITPOINT WARNING * * *
Throwing (i - inventory. (/) - cycle)
o - 7 boomerangs (quivered)
Press: ? - help, Shift-Dir - straight line, f/p - worker ant
Aim: a worker ant (heavily wounded)
You throw a boomerang.
The boomerang barely misses the worker ant.
You feel sick. The worker ant bites you.
* * * LOW HITPOINT WARNING * * *
The worker ant bites you.
* * * LOW HITPOINT WARNING * * *
Unknown command.
Unknown command.
Unknown command.
Unknown command.
Unknown command.
Unknown command.
Unknown command.
It was a potion of haste.
You feel yourself speed up. The worker ant bites you.
You die...

#..........รท.....##.#.....#
#.####.....###.####.#.#.#.# #.#
##...## #.####.#.#.#.# #.# ##.##
##.)....#.#.#.# #.# ###
##...#####.....# #.#### ##.....##
###.### #.##.## ##.......## #..##
####.#...####..a......####...##
......).....'...@<...>+.......#
####.#...####.........#.......###
#.##.## ##.......##.##.......
#.#### ##.....###.##.#..### #
#..# ##...## #.##.#..### # ##.#
########'## #.##.....## # #.#
#.........####.####...## # #.#
#.######...........[.... # #.#
#.# ##...........#..##


You could see a worker ant.

Vanquished Creatures
  A hound (D:4)
  An orc priest (D:3)
  An orc wizard (D:3)
  3 worker ants
  5 adders
  3 worms
  A dart slug (D:2)
  A leopard gecko (D:3)
  7 orcs (D:3)
  4 giant cockroaches
  5 goblins
  5 hobgoblins
  A quokka (D:2)
  A ball python (D:2)
  8 bats
  4 frilled lizards
  3 kobolds
  5 rats
59 creatures vanquished.

Notes
Turn   | Place    | Note
-------+----------+-------------------------------------------
     0 | D:1      | demenzo the Ogre Hunter began the quest for the Orb.
     0 | D:1      | Reached XP level 1. HP: 22/22 MP: 1/1
   229 | D:1      | Reached XP level 2. HP: 29/29 MP: 2/2
   645 | D:2      | Reached skill level 1 in Maces & Flails
   782 | D:2      | Found a white marble altar of Elyvilon.
  1072 | D:2      | Found a stormy altar of Qazlal.
  1301 | D:2      | Reached XP level 3. HP: 31/37 MP: 3/3
  2343 | D:3      | Reached XP level 4. HP: 35/45 MP: 4/4
  2448 | D:3      | Found a shimmering altar of Xom.
  2464 | D:3      | Found a shattered altar of Ashenzari.
  2715 | D:3      | Reached skill level 5 in Throwing
  2715 | D:3      | Reached XP level 5. HP: 49/54 MP: 5/5
  3593 | D:4      | Found Piuh's Weapon Shoppe.
  3624 | D:4      | Noticed Ijyb
  3741 | D:4      | Reached XP level 6. HP: 53/62 MP: 6/6
  3817 | D:4      | Found a hide-covered altar of Uskayaw.
  3908 | D:3      | HP: 1/63 [worker ant (5)]
  3909 | D:3      | Slain by a worker ant

Illustrated notes

Levels and vault maps discovered:
D:1:      lightli_arrival_isolated_outpost, layout_basic
D:2:      layout_basic, marbit_many_paths, first_ration, grunt_qazlal_sundering
D:3:      layout_loops_corners, lemuel_crystal_altar,
          cheibrodos_ashenzari_chains, grunt_ministairs_12
D:4:      layout_cave_pools, nicolae_overflow_hidden_temple, kennysheep_mini,
          serial_shops, kennysheep_little_box, shop, shop, shop,
          minmay_hedge_maze, trog_book, uniq_ijyb, uniq_crazy_yiuf_cottage

Skill      XL: |  1  2  3  4  5 |
---------------+----------------+-----
Fighting       | 3 4 |  4.3
Maces & Flails | 1 2 3 |  3.2
Throwing       | 5 |  5.5
Dodging        | |  1.7
Stealth        | |  0.6

Action                   |  1- 3 |  4- 6 || total
-------------------------+-------+-------++-------
Melee: Short sword       |    10 |       ||    10
       Mace              |   125 |   132 ||   257
Throw: Stone             |    14 |     5 ||    19
       Large rock        |     6 |    10 ||    16
       Boomerang         |       |     5 ||     5
       Throwing net      |       |     2 ||     2
  Use: Scroll            |     3 |     4 ||     7
       Potion            |       |     1 ||     1
 Stab: Sleeping          |     2 |     1 ||     3
  Eat: Chunk             |     5 |     5 ||    10
Armor: Robe              |    72 |    30 ||   102
Dodge: Dodged            |   103 |   115 ||   218
